Map: Chantier naval orbital

Players

Dre

  • Race: Zerg Zerg
  • League: Diamond

Senryakku - Winner!

  • Race: Terran Terran
  • League: Diamond

VOD

Have the link to the VOD?

Description

Time

  • Played on: Nov. 30, 2015, 4:47 p.m.
  • Length: 7:46
Show
View Real Time Build Order
Export as new Build Order

Dre Zerg 

Build Orders: Hatch First 

Get SALT Encoding   

  12  0:01  Drone  
  13  0:10  Drone  
  14  0:19  Overlord  
  14  0:28  Extractor x2  
  13  0:29  Drone x2  
  16  0:40  Drone  
  17  0:54  Hatchery  
  16  0:57  Drone  
  17  1:14  Spawning Pool  
  17  1:16  Drone  
  17  1:18  Drone  
  18  1:26  Drone  
  18  1:29  Extractor  
  18  1:32  Drone  
  19  1:38  Drone  
  20  2:02  Overlord, Zergling x2  
  20  2:05  Queen x2  
  25  2:11  Drone  
  25  2:12  Drone  
  27  2:25  Drone x2  
  27  2:28  Drone  
  30  2:38  Drone  
  30  2:39  Metabolic Boost  
  31  2:44  Drone  
  32  2:51  Drone  
  32  2:56  Hatchery  
  32  2:58  Drone x2  
  33  3:01  Overlord  
  34  3:09  Drone  
  34  3:12  Drone  
  36  3:15  Lair  
  36  3:20  Drone x3  
  39  3:30  Roach Warren, Extractor  
  39  3:32  Extractor  
  35  3:37  Drone x4  
  39  3:42  Overlord  
  39  3:50  Queen  
  39  3:55  Drone x2  
  43  3:56  Overlord  
  43  4:04  Drone x4  
  47  4:10  Evolution Chamber  
  47  4:11  Drone x2  
  47  4:12  Drone  
  47  4:14  Evolution Chamber  
  48  4:18  Glial Reconstitution  
  48  4:22  Queen  
  50  4:28  Roach x2  
  54  4:42  Roach x3  
  54  4:43  Roach  
  62  4:49  Roach x2  
  54  5:00  Drone x7  
  59  5:09  Drone x3  
  58  5:18  Drone x2  
  58  5:29  Drone  
  58  5:30  Drone x3  
  58  5:33  Drone  
  58  5:34  Drone  
  64  5:44  Zerg Missile Weapons Level 1, Zerg Ground Armor Level 1  
  64  5:50  Drone x2  
  66  5:58  Overlord x2  
  66  6:05  Overlord x2  
  66  6:12  Overlord  
  66  6:21  Drone x9  
  75  6:26  Spore Crawler  
  71  6:40  Spore Crawler  
  71  6:41  Spore Crawler  
  71  6:43  Queen  
  68  6:52  Spire  
  66  7:13  Drone  
  66  7:14  Drone x9  
  57  7:44  Hatchery  
Show
View Real Time Build Order
Export as new Build Order

Senryakku Terran - Winner!

Build Orders: Hellion Banshee 

Get SALT Encoding   

  12  0:01  SCV  
  13  0:13  SCV  
  14  0:18  Supply Depot  
  14  0:25  SCV  
  15  0:39  SCV  
  15  0:41  Barracks  
  16  0:51  SCV  
  17  1:03  SCV  
  18  1:16  SCV  
  19  1:28  Orbital Command, Marine  
  20  1:37  Command Center  
  20  1:45  Refinery  
  20  1:46  Refinery, Marine  
  21  1:54  Supply Depot  
  21  2:00  SCV  
  22  2:08  Marine  
  23  2:15  SCV  
  24  2:28  SCV  
  25  2:32  Factory  
  25  2:38  Barracks Reactor  
  25  2:40  SCV  
  26  2:50  Orbital Command  
  26  2:52  SCV  
  27  3:04  SCV  
  28  3:15  SCV  
  28  3:16  SCV  
  30  3:21  Starport  
  30  3:23  Starport  
  30  3:25  Hellion x2  
  34  3:30  SCV  
  34  3:31  SCV  
  36  3:35  Refinery  
  36  3:37  Refinery  
  36  3:45  SCV  
  36  3:46  SCV, Hellion x2  
  42  3:57  SCV  
  42  3:58  SCV  
  42  3:59  Starport Tech Lab  
  42  4:01  Starport Tech Lab  
  44  4:07  Hellion  
  46  4:14  Supply Depot  
  46  4:21  Supply Depot, Cloaking Field  
  46  4:22  SCV x2, Hellion, Banshee  
  53  4:36  Banshee  
  56  5:04  SCV x2  
  56  5:05  Banshee  
  53  5:18  Banshee  
  53  5:20  Command Center  
  52  5:23  Hellion x2  
  52  5:27  Supply Depot  
  52  5:28  SCV x2  
  58  5:29  Armory  
  58  5:40  SCV x2, Factory  
  60  5:48  Hellion x2  
  64  5:52  SCV x2  
  64  5:54  Banshee  
  69  6:01  Banshee  
  72  6:12  Hellion x2  
  72  6:17  SCV x2  
  78  6:26  Starport  
  78  6:29  Supply Depot  
  78  6:33  Factory Tech Lab  
  78  6:34  Hellbat x2  
  82  6:42  Banshee  
  82  6:44  Banshee  
  88  6:52  Siege Tank  
  91  6:56  Orbital Command  
  91  6:58  Supply Depot  
  91  7:21  Hellbat, Orbital Command  
  92  7:31  Starport Reactor  
  92  7:34  Supply Depot  
  92  7:43  Supply Depot  
  91  7:45  Supply Depot  
Tags
 
Add a new tag
Caveats
  • Supply blocks, unpowered buildings, or Contaminate may cause inaccurate times.
  • Supply counts are checked every 10 seconds.